 Dungeon Crawl Stone Soup version 0.29-a0-284-gf9362112df (webtiles) character file.

Game seed: 11023142633199902049

5702 sammy202020 the Fighter (level 10, -6/99 HPs)
             Began as a Gargoyle Berserker on Mar 19, 2022.
             Was a Priest of Trog.
             Mangled by an eight-headed hydra (7 damage)
             ... on level 9 of the Dungeon.
             The game lasted 00:17:41 (6221 turns).

sammy202020 the Fighter (Gargoyle Berserker)        Turns: 6221, Time: 00:17:42

Health: -6/99      AC: 22    Str: 15    XL:     10   Next: 76%
Magic:  10/10      EV:  8    Int:  8    God:    Trog [***...]
Gold:   88         SH:  0    Dex: 11    Spells: 9/9 levels left

rFire   + . .      SeeInvis .   u - +0 dire flail (vorpal)
rCold   . . .      Faith    .   (shield currently unavailable)
rNeg    + . .      Spirit   .   t - +2 chain mail {rC+}
rPois   ∞          Reflect  .   (no helmet)
rElec   +          Harm     .   z - +0 cloak
rCorr   +          Rampage  .   (no gloves)
Will    +++..                   (no boots)
Stlth   ..........              d - amulet of regeneration
HPRegen 2.06/turn               x - ring of willpower
MPRegen 0.12/turn               y - ring of the Castellan {Fire rCorr Str-5 Int-3 Slay+4}

@: berserking, strong-willed, regenerating, studying Crossbows, very quick
A: sickness immunity, AC +7, negative energy resistance 1, electricity
resistance, torment resistance 1, petrification resistance
a: Renounce Religion, Berserk, Trog's Hand


You were on level 9 of the Dungeon.
You worshipped Trog.
Trog was most pleased with you.
You visited 1 branch of the dungeon, and saw 9 of its levels.
You also visited: Sewer.

You collected 580 gold pieces.
You spent 492 gold pieces at shops.

Inventory:

Hand Weapons
 e - a +1 flail of protection
 l - a +0 hand crossbow
 u - a +0 vorpal dire flail (weapon)
Missiles
 a - 3 boomerangs of dispersal
 o - 13 boomerangs (quivered)
 v - 5 curare-tipped darts
 D - 2 poisoned darts
Armour
 c - a +1 plate armour
 t - a +2 chain mail of cold resistance (worn)
 z - a +0 cloak (worn)
Jewellery
 d - an amulet of regeneration (around neck)
 x - a ring of willpower (left hand)
 y - the ring of the Castellan (right hand) {Fire rCorr Str-5 Int-3 Slay+4}
   (You bought it in a shop on level 5 of the Dungeon)

   [ring of fire]

   It enhances your fire magic.
   Str:       It affects your strength (-5).
   Int:       It affects your intelligence (-3).
   Slay:      It affects your accuracy & damage with ranged weapons and melee
   (+4).
   rF:        It protects you from fire.
   rC:        It makes you vulnerable to cold.
   rCorr:     It protects you from acid and corrosion.
 B - a ring of ice
Wands
 s - a wand of polymorph (3)
 A - a wand of iceblast (7)
 E - a wand of digging (7)
 F - a wand of acid (9)
Scrolls
 b - 3 scrolls of enchant armour
 f - 2 scrolls of silence {unknown}
 h - 3 scrolls of teleportation
 q - a scroll of blinking {unknown}
 C - a scroll of magic mapping
Potions
 g - 2 potions of magic
 i - a potion of degeneration
 j - a potion of attraction
 k - 2 potions of lignification
 m - 3 potions of heal wounds
 n - a potion of might {unknown}
 p - a potion of haste
 w - 2 potions of curing {unknown}
Miscellaneous
 r - a box of beasts


   Skills:
 * Level 9.6 Fighting
 * Level 8.9 Maces & Flails
 * Level 9.3 Armour
 + Level 5.0 Dodging
 + Level 3.1 Evocations


You had 9 spell levels left.
You didn't know any spells.
Your spell library was empty.

Dungeon Overview and Level Annotations

Branches:
Dungeon (9/15)                Orc (0/2) D:9           Sewer (visited)
 Temple: D:4-7         Lair: D:8-11

Altars:
Gozag
Hepliaklqana

Shops:
D:2 *   D:4 (   D:5 =   D:8 (


Innate Abilities, Weirdness & Mutations

You are immune to sickness and miasma.
Your stone body is resilient. (AC +7)
You are immune to poison.
You resist negative energy. (rN+)
You are resistant to electric shocks. (rElec)
You are resistant to unholy torment.
You are immune to petrification.


Message History

The eight-headed hydra bites you!
The eight-headed hydra bites you but does no damage.
The eight-headed hydra bites you.
The eight-headed hydra bites you but does no damage. x2
The eight-headed hydra bites you.
The eight-headed hydra bites you but does no damage.
Your skin crawls.
You feel strong-willed.
The eight-headed hydra bites you but does no damage. x3
The eight-headed hydra bites you.
The eight-headed hydra bites you but does no damage.
The eight-headed hydra bites you! x2
* * * LOW HITPOINT WARNING * * *
The eight-headed hydra barely misses you.
A red film seems to cover your vision as you go berserk!
You feel yourself moving faster!
You feel mighty!
You can no longer call in reinforcements.
The eight-headed hydra closely misses you.
The eight-headed hydra bites you but does no damage.
The eight-headed hydra barely misses you.
The eight-headed hydra bites you.
* * * LOW HITPOINT WARNING * * *
The eight-headed hydra bites you!
* * * LOW HITPOINT WARNING * * *
The eight-headed hydra barely misses you.
The eight-headed hydra bites you.
* * * LOW HITPOINT WARNING * * *
The eight-headed hydra bites you but does no damage.
You completely miss the eight-headed hydra.
The eight-headed hydra is moderately wounded.
You barely miss the eight-headed hydra.
The eight-headed hydra is moderately wounded.
The eight-headed hydra bites you.
* * * LOW HITPOINT WARNING * * *
The eight-headed hydra bites you!
* * * LOW HITPOINT WARNING * * *
The eight-headed hydra bites you.
* * * LOW HITPOINT WARNING * * *
The eight-headed hydra bites you!
You die...

........# ......# .
.....# .. #...# ... #...#
######## ....
#...####....... .....
#..............
......#####..............
.....YYD@................
.....YY#'##..............
.......#..#..............
.......#..#####...#'#####
....####... #...#.....#
.... ..... #...#.....'
... ...... #...#.....# ..
.......#<..#.....#
#...#.....#


You could see an eight-headed hydra and 4 yaks.

Vanquished Creatures
  Erica (D:8)
  Pikel (D:8)
  Maurice (D:8)
  An unseen horror (D:5)
  7 yaks
  A wyvern (D:8)
  A steam dragon (D:8)
  Edmund (D:5)
  Menkaure (D:6)
  Duvessa (D:6)
  A water moccasin (D:8)
  2 ice beasts
  Pargi (Sewer)
  An ogre (D:6)
  6 black bears
  2 sky beasts
  A phantom (D:5)
  2 bullfrogs
  3 scorpions
  Dowan (D:6)
  2 howler monkeys
  3 jellies
  3 hounds
  4 orc priests
  Ijyb (D:4)
  3 iguanas (D:5)
  8 orc wizards
  3 gnolls (D:3)
  12 adders
  A white imp (D:5)
  An ufetubus (D:6)
  29 orcs
  7 endoplasms
  4 giant cockroaches
  7 goblins
  10 hobgoblins
  18 jackals
  4 kobolds
  4 quokkas
  3 ball pythons
  3 bats
  5 frilled lizards
  6 rats
177 creatures vanquished.

Vanquished Creatures (others)
  A plant (D:8)
1 creature vanquished.

Grand Total: 178 creatures vanquished

Notes
Turn   | Place    | Note
-------+----------+-------------------------------------------
     0 | D:1      | sammy202020 the Gargoyle Berserker began the quest for the
                  | Orb.
     0 | D:1      | Reached XP level 1. HP: 14/14 MP: 1/1
   177 | D:1      | You fall into a shaft and drop 1 floor!
   227 | D:1      | Reached XP level 2. HP: 19/19 MP: 2/2
   809 | D:2      | Found a faded altar of an unknown god.
   814 | D:2      | Reached XP level 3. HP: 24/24 MP: 3/3
   871 | D:2      | Found Vobbih's General Store.
   901 | D:2      | Reached ** piety under Trog
  1169 | D:2      | Reached XP level 4. HP: 29/29 MP: 4/4
  1358 | D:3      | Found a glowing drain.
  1402 | Sewer    | Entered a sewer
  1456 | Sewer    | Noticed Pargi
  1488 | Sewer    | Killed Pargi
  1489 | Sewer    | Reached XP level 5. HP: 24/34 MP: 5/5
  1605 | D:3      | Reached XP level 6. HP: 34/39 MP: 6/6
  1645 | D:3      | Found an opulent altar of Gozag.
  2192 | D:4      | Reached skill level 5 in Fighting
  2253 | D:4      | Reached XP level 7. HP: 44/44 MP: 7/7
  2310 | D:4      | Reached *** piety under Trog
  2524 | D:4      | Reached skill level 5 in Maces & Flails
  2632 | D:4      | Reached skill level 5 in Armour
  2662 | D:4      | Found a hazy altar of Hepliaklqana.
  2694 | D:4      | Noticed Ijyb
  2717 | D:4      | Killed Ijyb
  2854 | D:4      | Found Miprutac's Antique Weapon Emporium.
  2863 | D:4      | Bought a dire flail for 116 gold pieces
  3182 | D:5      | Entered Level 5 of the Dungeon
  3232 | D:5      | Found Yffixkui's Jewellery Boutique.
  3300 | D:5      | Noticed a yak
  3309 | D:5      | Noticed Edmund
  3337 | D:5      | Killed Edmund
  3338 | D:5      | Reached XP level 8. HP: 47/51 MP: 8/8
  3369 | D:5      | Killed a yak
  3836 | D:5      | Identified the +4 spear "Vius" {protect, Fly Str+6 Dex-2}
  3908 | D:5      | Killed an unseen horror
  3909 | D:5      | Reached XP level 9. HP: 26/57 MP: 9/9
  4023 | D:6      | Noticed Duvessa
  4023 | D:6      | Noticed Dowan
  4036 | D:6      | Killed Duvessa
  4052 | D:6      | Killed Dowan
  4490 | D:6      | Noticed Menkaure
  4495 | D:6      | Killed Menkaure
  4530 | D:6      | Reached **** piety under Trog
  4531 | D:6      | Reached skill level 1 in Evocations
  5238 | D:7      | Identified the +1 ring mail "Ekotsioc" {Int+6}
  5327 | D:5      | Bought the ring of the Castellan {Fire rCorr Str-5 Int-3
                  | Slay+4} for 376 gold pieces
  5417 | D:8      | Noticed Erica
  5422 | D:8      | Noticed Maurice
  5445 | D:8      | Killed Erica
  5446 | D:8      | Reached XP level 10. HP: 18/65 MP: 10/10
  5450 | D:8      | Killed Maurice
  5633 | D:8      | Found Kan Nyi's Hydra Hut.
  5635 | D:8      | Noticed a six-headed hydra
  5871 | D:8      | Noticed Pikel
  5879 | D:8      | Killed Pikel
  6016 | D:9      | Found a staircase to the Orcish Mines.
  6131 | D:9      | HP: 3/99 [yak (8)]
  6136 | D:9      | Reached skill level 5 in Dodging
  6159 | D:9      | Identified the +5 war axe of Abomination {vorpal, +Blink
                  | rElec rC- Int+5}
  6212 | D:9      | Noticed an eight-headed hydra
  6221 | D:9      | HP: 1/99 [eight-headed hydra (4)]
  6221 | D:9      | Mangled by an eight-headed hydra

Illustrated notes

Levels and vault maps discovered:
D:1:      dpeg_arrival_rooms_b, layout_loops_cross
D:2:      layout_rooms, serial_shops, nicolae_shop_crystal,
          basic_ecumenical_altar
D:3:      layout_rooms, mainiacjoe_overflow_chevrons, gup_sewer_entry_glass
D:4:      cheibrodos_greedy_goblins, layout_basic,
          nicolae_hepliaklqana_hazy_memory, serial_shops,
          nicolae_shop_window_shopping, uniq_ijyb
D:5:      minmay_clustersquares, layout_basic, serial_shops,
          kennysheep_mini_moat, minmay_manual_mess, uniq_edmund
D:6:      layout_loops_corners, uniq_duvessa, uniq_menkaure
D:7:      layout_cave_pods, minmay_temple_entry_nine_rooms, nrook_mini_vaults
D:8:      layout_gridville, minivault_5, doesnt_shop_hydraphobe, uniq_pikel,
          uniq_maurice, uniq_erica
D:9:      layout_irregular_city, lair_entry_dummy, orc_0_dummy,
          grunt_decor_arrowhead, hangedman_fish_farm

Skill      XL: |  1  2  3  4  5  6  7  8  9 10 |
---------------+-------------------------------+-----
Armour         | 3 4 5 7 8 9 |  9.3
Dodging        | 2 3 4 5 |  5.0
Fighting       | 4 5 6 7 8 9 |  9.6
Maces & Flails | 4 5 6 8 |  8.9
Evocations     | 2 3 |  3.1

Action                   |  1- 3 |  4- 6 |  7- 9 | 10-12 || total
-------------------------+-------+-------+-------+-------++-------
Melee: Mace              |   101 |    17 |       |       ||   118
       Punch             |     1 |     2 |     1 |       ||     4
       Flail             |       |   200 |   118 |       ||   318
       Dire flail        |       |       |   313 |    74 ||   387
       Unarmed           |       |       |    16 |       ||    16
Invok: Trog's Hand       |       |     3 |     5 |     2 ||    10
       Berserk           |       |     1 |     4 |     2 ||     7
Evoke: Box of beasts     |       |       |     1 |       ||     1
  Use: Scroll            |       |     5 |     7 |       ||    12
Armor: Plate armour      |    83 |   422 |   314 |       ||   819
       Animal skin       |     1 |       |       |       ||     1
       Skin              |       |       |     2 |       ||     2
       Chain mail        |       |       |    74 |    69 ||   143
Dodge: Dodged            |    44 |   157 |   156 |    27 ||   384

Table legend: (Time is in decaauts)
 A = Elapsed time spent in this place.
 B = Non-inter-level travel time spent in this place.
 C = Inter-level travel time spent in this place.
 D = Time resting spent in this place.
 E = Time spent auto-exploring this place.
 F = Levels seen in this place.
 G = Mean time per level.
                   A        B        C        D        E       F      G
               +--------+--------+--------+--------+--------+-----+--------+
         Total |   6354 |   6095 |    259 |     89 |   4198 |  10 |  635.4 |
       Dungeon |   6152 |   5893 |    259 |     89 |   4117 |   9 |  683.6 |
         Sewer |    202 |    202 |      0 |      0 |     80 |   1 |  202.0 |
               +--------+--------+--------+--------+--------+-----+--------+

Top non-repeatable levels by time:
     D:4: 1122 daAuts
     D:6: 1025 daAuts
     D:5: 912 daAuts
     D:1: 815 daAuts
     D:3: 609 daAuts
     D:8: 600 daAuts
     D:2: 543 daAuts
     D:7: 309 daAuts
     D:9: 213 daAuts
   Sewer: 202 daAuts
